 Dungeon Crawl Stone Soup version 0.25-a0-292-gaa31f046c4 (webtiles) character file.

Game seed: 4321817911881506766, levelgen mode: deterministic

1199 Lanoc the Slasher (level 8, 0/57 HPs)
             Began as an Octopode Berserker on Dec 15, 2019.
             Was an Elder of Trog.
             Slain by a wight
             ... wielding a +0 hand axe
              (6 damage)
             ... on level 6 of the Dungeon.
             The game lasted 00:08:20 (4400 turns).

Lanoc the Slasher (Octopode Berserker)              Turns: 4400, Time: 00:08:20

Health: 0/57       AC:  1    Str: 18      XL:     8   Next: 44%
Magic:  8/8        EV: 14    Int:  9      God:    Trog [****..]
Gold:   237        SH:  0    Dex:  9 (12) Spells: 7/7 levels left

rFire    . . .     SeeInvis .   a - +0 falchion
rCold    . . .     Gourm    .   (no shield)
rNeg     . . .     Faith    .   (helmet restricted)
rPois    .         Spirit   .   (no amulet)
rElec    .         Reflect  .   g - ring of attention (curse)
rCorr    .         Harm     .   (no ring)
MR       .....                  (no ring)
Stlth    +.........             (no ring)
HPRegen  0.19/turn              (no ring)
MPRegen  0.11/turn              (no ring)
                                (no ring)
                                (no ring)

@: berserk cooldown, slowed, drained, very slow
A: almost no armour, stealthy swim, amphibious, 8 rings, constrict 8, camouflage
1, gelatinous body 1
a: Berserk, Trog's Hand, Brothers in Arms, Renounce Religion


You were on level 6 of the Dungeon.
You worshipped Trog.
Trog was greatly pleased with you.
You were not hungry.

You visited 2 branches of the dungeon, and saw 7 of its levels.

You collected 265 gold pieces.
You spent 28 gold pieces at shops.

Inventory:

Hand Weapons
 a - a +0 falchion (weapon)
 b - a +0 hunting sling
Missiles
 e - 111 stones (quivered)
Jewellery
 g - a cursed ring of attention (left tentacle)
Wands
 t - a wand of polymorph (9)
 x - a wand of flame (10)
Scrolls
 i - 3 scrolls of teleportation {unknown}
 j - 2 scrolls of immolation {unknown}
 k - 2 scrolls of remove curse
 n - 2 scrolls of fog {unknown}
 o - a scroll of fear {unknown}
 q - a scroll of enchant armour {unknown}
 s - a scroll of amnesia {unknown}
 u - a scroll of enchant weapon {unknown}
Potions
 c - 3 potions of flight
 f - 2 potions of lignification
 h - a potion of agility
 l - 6 potions of curing
 m - a potion of invisibility
 p - a potion of haste
 r - a potion of magic
 v - a potion of brilliance {unknown}
 w - a potion of resistance {unknown}
Comestibles
 d - 9 rations


   Skills:
 + Level 5.7(4.7) Fighting
 * Level 7.6(6.5) Long Blades
 + Level 5.7(4.6) Dodging


You had 7 spell levels left.
You didn't know any spells.
Your spell library was empty.

Dungeon Overview and Level Annotations

Branches:
Dungeon (6/15)             Temple (1/1) D:4

Altars:
Ashenzari
Cheibriados
Dithmenos
Fedhas
Nemelex Xobeh
Okawaru
Sif Muna
Trog
Vehumet
The Shining One
Jiyva

Shops:
D:4 ?:}}

Annotations:
D:6 Dowan


Innate Abilities, Weirdness & Mutations

You cannot wear most types of armour.
You are very stealthy in the water. (Stealth+)
You are amphibious.
You can wear up to eight rings at the same time.
You can use your tentacles to constrict eight enemies at once.
Your skin changes colour to match your surroundings (Stealth+).
Your rubbery body absorbs attacks. (AC +1, EV +1)


Message History

You are no longer berserk.
You pass out from exhaustion.
You lose your grip on the wight.
You feel yourself slow down.
The wight hits you with a +0 great sword!
You feel drained.
* * * LOW HITPOINT WARNING * * *
The wight hits you with a +0 hand axe.
* * * LOW HITPOINT WARNING * * *
You feel drained.
* * * LOW HITPOINT WARNING * * *
Dowan mumbles some strange words.
Dowan blinks!
The wight hits you with a +0 hand axe.
* * * LOW HITPOINT WARNING * * *
You feel drained.
* * * LOW HITPOINT WARNING * * *
The wight barely misses you.
You can move again.
Dowan mumbles some strange words.
Dowan blinks!
The wight hits you with a +0 hand axe.
You die...

### .... .....
...########§.....
........@zz.e....
...#######z....).
#...... .§...>
..... #####


You could see Dowan and 3 wights.

Vanquished Creatures
  Edmund (D:4)
  Duvessa (D:6)
  An ogre (D:5)
  A phantom (D:4)
  A scorpion (D:4)
  2 wights (D:6)
  2 crimson imps
  A quasit (D:5)
  2 orc wizards (D:5)
  6 orc priests
  2 centaur skeletons (D:4)
  A worker ant (D:4)
  A hound skeleton (D:4)
  Robin (D:4)
  A worker ant zombie (D:4)
  4 adders
  4 gnolls (D:3)
  An ooze (D:1)
  A worm (D:2)
  3 dart slugs
  6 leopard geckos
  18 orcs
  3 ball pythons
  3 giant cockroaches
  11 goblins
  12 hobgoblins
  5 jackals
  A quokka (D:4)
  12 bats
  9 frilled lizards
  13 kobolds
  A leopard gecko skeleton (D:5)
  8 rats
139 creatures vanquished.

Notes
Turn   | Place    | Note
-------+----------+-------------------------------------------
     0 | D:1      | Lanoc the Octopode Berserker began the quest for the Orb.
     0 | D:1      | Reached XP level 1. HP: 16/16 MP: 1/1
   112 | D:1      | Reached XP level 2. HP: 21/21 MP: 2/2
   417 | D:1      | Reached XP level 3. HP: 26/26 MP: 3/3
   657 | D:1      | Reached ** piety under Trog
   803 | D:2      | Found a shattered altar of Ashenzari.
   876 | D:2      | Found a glowing golden altar of the Shining One.
   944 | D:2      | Reached skill level 4 in Long Blades
   944 | D:2      | Reached XP level 4. HP: 31/31 MP: 4/4
  1686 | D:3      | Found an iron altar of Okawaru.
  1727 | D:3      | Reached XP level 5. HP: 33/37 MP: 5/5
  2204 | D:3      | Reached *** piety under Trog
  2207 | D:3      | Reached skill level 5 in Long Blades
  2379 | D:4      | Reached XP level 6. HP: 43/43 MP: 6/6
  2443 | D:4      | Found a staircase to the Ecumenical Temple.
  2459 | Temple   | Entered the Ecumenical Temple
  2629 | D:4      | Found Kuggur's Gadget Boutique.
  2640 | D:4      | Noticed Edmund
  2645 | D:4      | Killed Edmund
  2645 | D:4      | Reached XP level 7. HP: 49/49 MP: 7/7
  2672 | D:4      | Found Poxus's General Store.
  2696 | D:4      | Reached skill level 6 in Long Blades
  2902 | D:4      | Noticed Robin
  2913 | D:4      | Killed Robin
  2973 | D:4      | Found a snail-covered altar of Cheibriados.
  3104 | D:4      | Reached skill level 5 in Fighting
  3136 | D:4      | Found Serrab's Gadget Emporium.
  3155 | D:4      | Found a shadowy altar of Dithmenos.
  3167 | D:4      | Reached skill level 5 in Dodging
  3265 | D:4      | Found Acheasch's Book Shoppe.
  3271 | D:4      | Found Hasur's Magic Scroll Shop.
  3274 | D:4      | Bought a scroll of identify for 28 gold pieces
  3443 | D:5      | Entered Level 5 of the Dungeon
  3561 | D:5      | Reached XP level 8. HP: 55/55 MP: 8/8
  3652 | D:5      | Reached skill level 7 in Long Blades
  3656 | D:5      | Reached **** piety under Trog
  3757 | D:5      | Found a blossoming altar of Fedhas.
  4188 | D:5      | Found a sparkling altar of Nemelex Xobeh.
  4325 | D:5      | Found a shimmering blue altar of Sif Muna.
  4382 | D:6      | Noticed Dowan
  4383 | D:6      | Noticed Duvessa
  4396 | D:6      | Killed Duvessa
  4400 | D:6      | Slain by a wight

Levels and vault maps discovered:
D:1:      dpeg_arrival_court, layout_loops_cross, chequers_serial_rivers_marsh,
          chequers_serial_rivers_micro_b, minivault_23
D:2:      layout_basic, tso_metal_star, ashenzari_altar_1
D:3:      layout_loops_ring, lemuel_round_altar, first_ration
D:4:      layout_loops_corners, kennysheep_mini_moat, grunt_dithmenos_shadows,
          minmay_temple_entry_wispy, serial_shops, shop,
          nicolae_shop_competitors_out_of_business, nicolae_shop_behind_doors,
          nicolae_shop_crystal, shop, uniq_edmund, uniq_robin
D:5:      layout_loops_corners, nemelex_xobeh_ov_fountains_minmay,
          marbit_many_paths, chequers_serial_rivers_micro_d, minivault_26,
          fedhas_altar_4
D:6:      layout_rooms, serial_shops, nicolae_shop_stone, uniq_duvessa
Temple:   pf_slimified_temple

Skill      XL: |  1  2  3  4  5  6  7  8 |
---------------+-------------------------+-----
Long Blades    | 4 5 6 7 |  7.6
Fighting       | 4 5 |  5.7
Dodging        | 4 5 |  5.7

Action                   |  1- 3 |  4- 6 |  7- 9 || total
-------------------------+-------+-------+-------++-------
Melee: Falchion          |    57 |    71 |   110 ||   238
       Constrict         |    16 |    24 |    32 ||    72
       Tentacles         |    10 |    20 |    35 ||    65
 Fire: Hunting sling     |    17 |    47 |    17 ||    81
Invok: Berserk           |       |     3 |     4 ||     7
       Trog's Hand       |       |       |     2 ||     2
  Use: Scroll            |     1 |       |     7 ||     8
 Stab: Sleeping          |     9 |     9 |     1 ||    19
       Distracted        |     1 |     1 |       ||     2
  Eat: Chunk             |       |     7 |     9 ||    16
       Ration            |       |       |     1 ||     1
Armor: Skin              |     5 |       |       ||     5
Dodge: Dodged            |    40 |    63 |    86 ||   189
       Rpst.: Falchion   |    11 |    14 |    31 ||    56

Table legend:
 A = Non-vault XP
 B = Vault XP
 C = Vault XP percentage of total XP
 D = Non-vault monster count
 E = Vault monster count
 F = Vault count percentage of total count
                 A         B        C        D         E       F
            +---------+---------+-------+---------+---------+-------
      Total |    1244 |     469 |  27.4 |     123 |      16 |  11.5
            +---------+---------+-------+---------+---------+-------
        D:1 |      53 |       0 |   0.0 |      26 |       0 |   0.0
        D:2 |      64 |       0 |   0.0 |      31 |       0 |   0.0
        D:3 |     200 |       0 |   0.0 |      22 |       0 |   0.0
        D:4 |     425 |     327 |  43.5 |      22 |      15 |  40.5
        D:5 |     381 |       0 |   0.0 |      20 |       0 |   0.0
        D:6 |     121 |     142 |  54.0 |       2 |       1 |  33.3
            +---------+---------+-------+---------+---------+-------
